 Dungeon Crawl Stone Soup version 0.28.0-49-g6dfe1f597d (webtiles) character file.

Game seed: 2689765535159620861

10765 Zeld the Destroyer (level 11, -6/95 (99) HPs)
             Began as a Green Draconian Conjurer on May 15, 2022.
             Was a Priest of Vehumet.
             Mangled by a death yak (22 damage)
             ... on level 10 of the Dungeon.
             The game lasted 00:15:46 (17723 turns).

Zeld the Destroyer (Green Draconian Conjurer)      Turns: 17723, Time: 00:15:47

HP:   -6/95 (99)    AC:  9    Str: 11    XL:     11   Next: 40%
MP:   9/23          EV: 13    Int: 22    God:    Vehumet [***...]
Gold: 748           SH:  5    Dex:  9    Spells: 16/27 levels left

rFire   . . .      SeeInvis +   g - +0 dagger (venom)
rCold   + . .      Faith    .   (no shield)
rNeg    . . .      Spirit   .   (armour unavailable)
rPois   +          Reflect  +   (helmet restricted)
rElec   .          Harm     .   i - +0 cloak of the Tundras {Will+ SInv}
rCorr   .          Rampage  .   (no gloves)
Will    +....                   f - +0 pair of boots
Stlth   +++.......              B - amulet of reflection
HPRegen 0.25/turn               d - ring of protection from cold
MPRegen 0.18/turn               (no ring)

@: short of breath, lightly drained
A: breathe noxious fumes, AC +7, unfitting armour, poison resistance,
cold-blooded
a: Breathe Noxious Fumes, Renounce Religion


You were on level 10 of the Dungeon.
You worshipped Vehumet.
Vehumet was most pleased with you.
You visited 2 branches of the dungeon, and saw 12 of its levels.

You collected 748 gold pieces.

Inventory:

Hand Weapons
 g - a +0 dagger of venom (weapon)
Armour
 f - a +0 pair of boots (worn)
 i - the +0 cloak of the Tundras (worn) {Will+ SInv}
   (You found it on level 9 of the Dungeon)

   SInv:      It lets you see invisible.
   Will:      It increases your willpower.
Jewellery
 d - a ring of protection from cold (left hand)
 B - an amulet of reflection (around neck)
Wands
 n - a wand of flame (6)
 p - a wand of iceblast (11)
 E - a wand of charming (6)
 G - a wand of digging (5)
Scrolls
 b - 5 scrolls of blinking
 h - 3 scrolls of magic mapping
 k - 7 scrolls of teleportation
 m - 2 scrolls of enchant weapon
 o - a scroll of fear
 s - 3 scrolls of amnesia
 t - 3 scrolls of brand weapon
 w - a scroll of immolation {unknown}
 x - 2 scrolls of fog {unknown}
 y - a scroll of vulnerability {unknown}
 z - 4 scrolls of enchant armour {unknown}
 A - 3 scrolls of silence {unknown}
 F - a scroll of acquirement {unknown}
Potions
 a - 8 potions of curing {unknown}
 c - 3 potions of might {unknown}
 e - 2 potions of haste {unknown}
 j - 6 potions of mutation {unknown}
 l - 3 potions of heal wounds {unknown}
 q - a potion of berserk rage {unknown}
 r - a potion of degeneration {unknown}
 u - 2 potions of attraction {unknown}
 v - a potion of brilliance {unknown}
 C - 2 potions of lignification {unknown}
 D - 2 potions of flight {unknown}


   Skills:
 * Level 9.8 Fighting
 + Level 6.0 Dodging
 + Level 6.3 Stealth
 * Level 8.5 Spellcasting
 * Level 9.9 Conjurations
 - Level 2.0 Hexes
 - Level 2.0 Translocations


You had 16 spell levels left.
You knew the following spells:

 Your Spells              Type           Power      Damage    Failure   Level
a - Magic Dart            Conj           100%       1d8       1%          1
b - Searing Ray           Conj           100%       2d8       1%          2
c - Fulminant Prism       Conj/Hex       17%        3d11      1%          4
d - Iskenderun's Mystic   Conj/Tloc      35%        2d8       1%          4

Your spell library contained the following spells:

 Spells                   Type           Power      Damage    Failure   Level
 Scorch                   Fire           18%        2d6       3%          2
 Sandblast                Erth           18%        2d7       1%          1
 Dazzling Flash           Conj/Hex       70%        N/A       1%          3
 Stone Arrow              Conj/Erth      62%        3d10      1%          3
 Slow                     Hex            72%        N/A       3%          1
 Animate Skeleton         Necr           18%        N/A       7%          1
 Pain                     Necr           36%        1d5       7%          1
 Confusing Touch          Hex            18%        N/A       10%         3
 Portal Projectile        Hex/Tloc       36%        N/A       10%         3
 Passwall                 Tmut/Erth      7%         N/A       11%         2
 Call Canine Familiar     Summ           9%         N/A       22%         3
 Vampiric Draining        Necr           9%         2d6       22%         3
 Leda's Liquefaction      Hex/Erth       6%         N/A       43%         4


Dungeon Overview and Level Annotations

Branches:
Dungeon (11/15)            Temple (1/1) D:4
   Lair: D:8-11         Orc: D:9-12

Altars:
Ashenzari
Cheibriados
Dithmenos
Elyvilon
Fedhas
Gozag
Hepliaklqana
Kikubaaqudgha
Makhleb
Nemelex Xobeh
Okawaru
Qazlal
Ru
Sif Muna
Trog
Uskayaw
Vehumet
Wu Jian
Xom
Yredelemnul
Zin
The Shining One

Annotations:
D:10 Urug


Innate Abilities, Weirdness & Mutations

You can breathe blasts of noxious fumes.
Your lurid green scales are hard. (AC +7)
You cannot fit into any form of body armour.
Your system is resistant to poisons. (rPois)
You are cold-blooded and may be slowed by cold attacks.


Message History

The death yak looks more healthy.
Casting: Iskenderun's Mystic Blast (mildly dangerous; 1% risk of failure)
Confirm with . or Enter, or press ? or * to list all spells.
You erupt in a blast of force!
The mystic blast hits the death yak but does no damage.
The death yak is almost dead.
The mystic blast hits the death yak!
The death yak is moderately wounded.
The death yak is knocked back by the mystic blast.
The death yak collides with the death yak!
The death yak is almost dead.
The death yak is heavily wounded.
Unknown command.
Unknown command.
Found 6 gold pieces.
You hit the death yak.
The death yak is heavily wounded.
The death yak gores you.
* * * LOW HITPOINT WARNING * * *
Unknown command.
The death yak gores you!
* * * LOW HITPOINT WARNING * * *
The death yak looks more healthy.
Press: ? - help, v - describe, . - travel, g - get item Item here: a glowing helmet.
The floor.
The death yak snorts and paws the ground.
Okay, then.
Okay, then.
Aiming: Breathe Noxious Fumes (3% risk of failure)
Press: ? - help, Shift-Dir - straight line, f - death yak
Aim: a death yak (almost dead, 86% to hit)
You exhale a blast of noxious fumes.
The blast of choking fumes hits the death yak!
The death yak is moderately wounded.
The blast of choking fumes hits the death yak.
The death yak is almost dead.
The death yak is engulfed in noxious fumes.
The death yak gores you!!
You die...

#......#.....#...#....#)#...(
#......#######...#....#.#....
#...[.......§....#....#.#####
#####....#######§....#....#......
.........#.....#☼....#....#......
.........#.....#§....#....#......
.........#.....#Y....######......
.........#.....#Y...........#####
.........#.....#@...........#
.........'.....#...#'#####..#
.........#.....#...#.....#..#
####.....#.....#...#.....#..#
#.....+.....#...#.....#..#####
#.....#.....#...#.....'.......
#.....+.....#...#.....#.####'#
#.....#####'#...#.....#.#.....
#...............#.....#.#.....


You could see 2 death yaks.

Vanquished Creatures
  4 two-headed ogres
  Sonja (D:11)
  Pikel (D:7)
  A deep elf pyromancer (D:11)
  A kobold demonologist (D:10)
  A hornet (D:10)
  Sigmund (D:8)
  2 vampires
  5 yaks (D:9)
  2 wyverns (D:9)
  2 humans (D:7)
  Menkaure (D:4)
  2 vampire mosquitoes (D:7)
  Duvessa (D:7)
  A sky beast (D:5)
  3 orc warriors
  3 ice beasts
  A necrophage (D:5)
  3 centaurs
  A lemure (D:7)
  2 bullfrogs
  A gnoll sergeant (D:9)
  A water moccasin zombie (D:6)
  4 scorpions
  Dowan (D:7)
  20 killer bees
  3 wights (D:6)
  A howler monkey (D:7)
  4 centaur zombies
  A bullfrog zombie (D:5)
  A bullfrog skeleton (D:5)
  5 hounds
  5 jellies
  6 orc priests
  2 centaur skeletons
  3 iguanas
  A gnoll shaman (D:8)
  A hell rat (D:11)
  A scorpion zombie (D:5)
  Ijyb (D:4)
  10 orc wizards
  A killer bee zombie (D:9)
  A hound skeleton (D:4)
  A howler monkey zombie (D:9)
  11 gnolls
  A howler monkey skeleton (D:7)
  5 adders
  2 white imps
  An adder skeleton (D:4)
  An adder zombie (D:5)
  A worm (D:2)
  36 orcs
  10 endoplasms
  2 giant cockroaches
  8 goblins
  4 hobgoblins
  4 jackals (D:1)
  4 quokkas
  8 ball pythons
  8 bats
  3 frilled lizards
  5 kobolds
  7 rats
235 creatures vanquished.

Notes
Turn   | Place    | Note
-------+----------+-------------------------------------------
     0 | D:1      | Zeld the Draconian Conjurer began the quest for the Orb.
     0 | D:1      | Reached XP level 1. HP: 14/14 MP: 3/3
   287 | D:1      | Reached XP level 2. HP: 22/22 MP: 3/5
   381 | D:1      | Learned a level 2 spell: Searing Ray
   980 | D:1      | Reached skill level 1 in Fighting
  1487 | D:2      | Reached XP level 3. HP: 28/28 MP: 3/6
  1635 | D:2      | Noticed a scorpion
  1811 | D:2      | Killed a scorpion
  1812 | D:2      | Reached skill level 1 in Hexes
  1812 | D:2      | Reached skill level 1 in Translocations
  1812 | D:2      | Reached XP level 4. HP: 31/36 MP: 2/8
  1976 | D:2      | Reached XP level 5. HP: 33/41 MP: 3/9
  2142 | D:2      | Found a shimmering blue altar of Sif Muna.
  2732 | D:2      | Learned a level 4 spell: Fulminant Prism
  2994 | D:3      | Found an ornate altar of the Wu Jian Council.
  3039 | D:3      | Found a faded altar of an unknown god.
  3088 | D:3      | Reached XP level 6. HP: 50/50 MP: 10/10
  3218 | D:3      | Found a shimmering altar of Xom.
  3326 | D:3      | Found a sacrificial altar of Ru.
  3536 | D:3      | Learned a level 4 spell: Iskenderun's Mystic Blast
  4031 | D:4      | Noticed Menkaure
  4327 | D:4      | Killed Menkaure
  4328 | D:4      | Reached skill level 5 in Conjurations
  4668 | D:4      | Found a staircase to the Ecumenical Temple.
  4779 | Temple   | Entered the Ecumenical Temple
  4988 | Temple   | Became a worshipper of Vehumet
  5163 | D:4      | Your scales start taking on a lurid green colour.
  5163 | D:4      | Reached XP level 7. HP: 52/57 MP: 12/12
  5163 | D:4      | Gained mutation: Your system is resistant to poisons.
                  | (rPois) [Green Draconian growth]
  5206 | D:4      | Noticed Ijyb
  5220 | D:4      | Killed Ijyb
  5761 | D:5      | Entered Level 5 of the Dungeon
  6308 | D:5      | Reached XP level 8. HP: 50/64 MP: 10/14
  6560 | D:5      | Reached * piety under Vehumet
  6560 | D:5      | Offered knowledge of Foxfire by Vehumet.
  6992 | D:5      | Reached skill level 5 in Fighting
  7496 | D:5      | Reached skill level 5 in Spellcasting
  7900 | D:6      | Found a snail-covered altar of Cheibriados.
  8417 | D:6      | Found a basalt altar of Yredelemnul.
  9238 | D:7      | Reached XP level 9. HP: 69/75 MP: 17/17
 10010 | D:7      | Found an iron altar of Okawaru.
 10261 | D:7      | Noticed Pikel
 10297 | D:7      | Killed Pikel
 10498 | D:7      | Offered knowledge of Static Discharge by Vehumet.
 10535 | D:7      | Reached ** piety under Vehumet
 10536 | D:7      | Reached skill level 5 in Stealth
 10728 | D:7      | Found a bloodstained altar of Trog.
 10731 | D:7      | Noticed Duvessa
 10734 | D:7      | Noticed Dowan
 10743 | D:7      | Killed Duvessa
 10762 | D:7      | Killed Dowan
 10938 | D:7      | Reached XP level 10. HP: 86/86 MP: 20/20
 11306 | D:8      | You fall into a shaft and drop 1 floor!
 11353 | D:9      | Reached skill level 5 in Dodging
 12001 | D:9      | Offered knowledge of Scorch by Vehumet.
 13108 | D:8      | Found a hazy altar of Hepliaklqana.
 13162 | D:8      | Found a glowing silver altar of Zin.
 13202 | D:8      | Noticed Sigmund
 13204 | D:8      | Reached *** piety under Vehumet
 13207 | D:8      | Killed Sigmund
 13613 | D:9      | Identified the +0 cloak of the Tundras {Will+ SInv}
 14067 | D:10     | Entered Level 10 of the Dungeon
 14078 | D:10     | Noticed a two-headed ogre
 14094 | D:10     | Killed a two-headed ogre
 15662 | D:10     | Reached XP level 11. HP: 68/97 MP: 4/23
 15822 | D:10     | Noticed Urug
 16080 | D:11     | Noticed a two-headed ogre
 16084 | D:11     | Noticed a two-headed ogre
 16089 | D:11     | Killed a two-headed ogre
 16092 | D:11     | Noticed a deep elf pyromancer
 16102 | D:11     | Noticed a boulder beetle
 16411 | D:11     | Killed a deep elf pyromancer
 16424 | D:10     | Killed a two-headed ogre
 16861 | D:11     | Noticed Sonja
 16872 | D:11     | Killed Sonja
 17322 | D:11     | Noticed a two-headed ogre
 17336 | D:11     | Killed a two-headed ogre
 17622 | D:11     | Noticed a death yak
 17625 | D:11     | Noticed a death yak
 17723 | D:10     | Mangled by a death yak

Illustrated notes

Levels and vault maps discovered:
D:1:      erik_arrival_orb_chamber, layout_basic, roderic_lattice_a
D:2:      layout_basic, basic_altar, grunt_ministairs_5, minmay_cut_off
D:3:      layout_basic, nicolae_wu_jian_glorious_leap,
          mainiacjoe_overflow_alcove_4, general_overflow_altar,
          shapermc_ecumenical_altar_totnotflames
D:4:      minmay_door_path, layout_rooms, lemuel_temple_firewalk_a,
          nicolae_underground_beach, uniq_menkaure, uniq_ijyb
D:5:      layout_basic, minmay_fractal_squares_diagonal_5
D:6:      layout_basic, lemuel_crystal_altar, amcnicky_altar_gilded
D:7:      layout_basic, okawaru_humans, mainiacjoe_overflow_24_doors,
          uniq_duvessa, uniq_pikel
D:8:      layout_basic, mainiacjoe_overflow_big_doors, sigmund_army
D:9:      layout_cross, chequers_serial_rivers_large_b
D:10:     layout_irregular_city, uniq_urug
D:11:     layout_loops_ring, dpeg_lair_monsters, uniq_sonja
Temple:   nicolae_temple_figure_eight

Skill      XL: |  1  2  3  4  5  6  7  8  9 10 11 |
---------------+----------------------------------+-----
Stealth        | 2 3 4 5 6 |  6.3
Fighting       | 1 2 3 4 6 7 9 |  9.8
Dodging        | 2 3 4 5 6 |  6.0
Hexes          | 1 2 |  2.0
Translocations | 1 2 |  2.0
Spellcasting   | 3 4 5 6 8 |  8.5
Conjurations   | 5 6 8 9 |  9.9

Action                   |  1- 3 |  4- 6 |  7- 9 | 10-12 || total
-------------------------+-------+-------+-------+-------++-------
Melee: Unarmed           |    51 |       |       |       ||    51
       Tailslap          |     8 |    12 |    83 |    26 ||   129
       Dagger            |     8 |   109 |   455 |   181 ||   753
       Punch             |       |     1 |     8 |     2 ||    11
 Cast: Magic Dart        |    54 |       |       |       ||    54
       Searing Ray       |     2 |     5 |    19 |    35 ||    61
       Iskenderun's Myst |       |       |       |    68 ||    68
 Abil: Breathe Noxious F |       |       |       |     4 ||     4
Evoke: Wand              |       |       |       |     1 ||     1
  Use: Scroll            |       |       |       |     8 ||     8
 Stab: Sleeping          |       |     9 |    14 |     1 ||    24
       Distracted        |       |     1 |     2 |       ||     3
Armor: Skin              |    27 |    42 |   171 |   123 ||   363
Dodge: Dodged            |    64 |    63 |   247 |   232 ||   606
Block: Other             |       |       |    63 |    66 ||   129
       Reflection        |       |       |     1 |     3 ||     4
